Map: King's Cove LE

Players

Iceman

  • Race: Zerg Zerg
  • League: Diamond
  • Spawn Location: 11:00

Teecon - Winner!

  • Race: Protoss Protoss
  • League: Master
  • Spawn Location: 5:00

VOD

Have the link to the VOD?

Description

Time

  • Played on: April 25, 2019, 6:48 a.m.
  • Length: 10:16
Show
View Real Time Build Order
Export as new Build Order

Iceman Zerg 

Build Orders: Hatch First, Swarm Host 

Get SALT Encoding   

  12  0:01  Drone  
  13  0:12  Overlord  
  13  0:18  Drone  
  14  0:31  Drone x2  
  16  0:50  Hatchery  
  16  0:53  Drone  
  16  0:56  Drone  
  17  1:01  Drone  
  18  1:10  Extractor  
  17  1:17  Spawning Pool  
  16  1:20  Drone  
  16  1:22  Drone  
  18  1:28  Drone  
  19  1:38  Overlord  
  19  2:03  Queen x2  
  19  2:04  Zergling x2  
  19  2:05  Zergling x2  
  25  2:11  Drone  
  25  2:14  Drone  
  27  2:18  Metabolic Boost  
  27  2:22  Drone  
  28  2:27  Drone  
  29  2:32  Drone  
  30  2:38  Drone  
  31  2:53  Overlord  
  31  2:56  Queen  
  31  2:57  Drone  
  34  2:59  Drone  
  34  3:01  Drone  
  34  3:02  Hatchery  
  35  3:07  Drone  
  36  3:16  Drone x2  
  36  3:19  Queen  
  38  3:26  Drone x4  
  44  3:28  Overlord  
  44  3:32  Overlord  
  44  3:44  Lair  
  44  3:46  Drone  
  44  3:47  Roach Warren  
  44  3:56  Drone  
  44  3:57  Drone x5  
  44  3:59  Extractor  
  44  4:01  Extractor  
  44  4:02  Drone  
  49  4:05  Drone  
  50  4:18  Drone x5  
  55  4:34  Roach x2  
  55  4:35  Roach x3  
  65  4:48  Spore Crawler  
  65  4:50  Overlord x3  
  65  4:51  Glial Reconstitution  
  64  4:57  Evolution Chamber  
  64  4:58  Spore Crawler  
  62  5:07  Overlord x2, Spore Crawler  
  62  5:08  Overlord  
  62  5:10  Drone x7  
  68  5:15  Overlord  
  68  5:23  Drone  
  68  5:25  Drone  
  68  5:26  Zerg Missile Weapons Level 1  
  68  5:27  Drone x4  
  68  5:28  Drone  
  75  5:31  Drone x2  
  77  5:57  Roach x12  
  77  5:58  Roach  
  77  6:03  Drone, Infestation Pit  
  77  6:04  Extractor  
  101  6:29  Drone x8  
  101  6:30  Extractor  
  101  6:31  Extractor  
  107  6:33  Overlord  
  107  6:35  Pneumatized Carapace  
  107  6:36  Zergling x2  
  107  6:38  Zergling x4  
  107  6:39  Zergling x2, Overlord  
  111  6:40  Overlord, Hatchery  
  111  6:43  Overlord  
  110  7:03  Queen x2  
  114  7:08  Swarm Host  
  114  7:09  Swarm Host x6  
  114  7:10  Swarm Host  
  114  7:12  Zergling x2  
  114  7:13  Overlord  
  139  7:19  Zergling x4  
  139  7:20  Zergling x4  
  142  7:26  Ravager x2  
  143  7:30  Zergling x4  
  143  7:31  Overlord x2  
  145  7:40  Swarm Host  
  145  7:41  Swarm Host  
  151  7:44  Overlord x3  
  151  7:51  Zergling x4  
  152  7:52  Zergling x2  
  154  7:59  Swarm Host x3  
  154  8:00  Swarm Host  
  137  8:20  Roach x2  
  137  8:21  Roach x8  
  141  8:30  Roach x4  
  141  8:33  Roach x3  
  147  8:37  Roach  
  147  8:41  Roach x3  
  124  8:49  Roach x2  
Show
View Real Time Build Order
Export as new Build Order

Teecon Protoss - Winner!

Build Orders: 1 Gate Expand, Colossus Rush 

Get SALT Encoding   

  12  0:00  Probe  
  13  0:13  Probe  
  14  0:20  Pylon  
  14  0:25  Probe  
  15  0:38  Probe  
  15  0:41  Gateway  
  16  0:46  Probe  
  16  0:49  Assimilator  
  16  0:54  Probe  
  18  1:04  Probe  
  19  1:16  Probe  
  20  1:28  Nexus  
  20  1:37  Cybernetics Core  
  20  1:40  Probe  
  20  1:42  Assimilator  
  21  1:48  Probe  
  22  1:54  Pylon  
  22  1:58  Probe  
  23  2:04  Adept  
  23  2:12  Probe  
  23  2:14  Warp Gate  
  26  2:24  Probe  
  27  2:33  Gateway  
  27  2:38  Stalker  
  27  2:41  Probe x2  
  31  2:53  Probe  
  32  3:00  Robotics Facility  
  32  3:03  Forge  
  32  3:09  Probe x2  
  34  3:21  Probe x2  
  36  3:28  Assimilator  
  36  3:29  Assimilator  
  36  3:33  Probe x2  
  38  3:39  Warp Prism  
  38  3:41  Protoss Ground Weapons Level 1  
  38  3:45  Probe  
  39  3:52  Pylon  
  39  3:53  Probe  
  42  3:58  Probe  
  43  4:03  Probe, Sentry  
  43  4:09  Pylon  
  46  4:10  Probe  
  46  4:11  Probe  
  46  4:14  Observer  
  46  4:15  Robotics Bay  
  49  4:27  Immortal  
  49  4:29  Sentry  
  49  4:30  Sentry  
  57  4:42  Probe  
  58  4:48  Gateway  
  58  4:50  Gateway  
  58  4:56  Extended Thermal Lance  
  59  5:00  Probe  
  59  5:06  Pylon  
  59  5:17  Colossus  
  59  5:19  Pylon  
  59  5:21  Gateway  
  65  5:41  Protoss Ground Armor Level 1  
  65  5:45  Gateway x2  
  65  5:47  Gateway  
  65  5:50  Pylon  
  65  5:52  Pylon  
  65  5:55  Sentry x2  
  69  5:57  Colossus  
  75  6:12  Sentry  
  75  6:13  Sentry  
  79  6:34  Pylon x2, Adept x2  
  79  6:35  Adept x2  
  79  6:38  Colossus  
  87  6:44  Pylon  
  87  6:45  Sentry x2, Pylon  
  87  6:47  Pylon  
  97  7:04  Adept x4  
  105  7:12  Adept  
  107  7:25  Pylon  
  107  7:45  Stalker x3  
  107  7:46  Stalker x4  
  121  7:54  Protoss Shields Level 1  
  121  8:04  Adept  
  117  8:13  Stalker x3  
  117  8:14  Stalker x2  
  113  8:23  Stalker  
  113  8:24  Stalker  
  113  8:41  Stalker x4  
  117  8:42  Stalker  
  123  8:53  Adept x2  
  127  8:56  Stalker  
  125  9:28  Stalker x5  
  135  9:56  Pylon  
  135  9:58  Pylon  
  135  10:14  Pylon  
Tags
 
Add a new tag
Caveats
  • Supply blocks, unpowered buildings, or Contaminate may cause inaccurate times.
  • Supply counts are checked every 10 seconds.